 Dungeon Crawl Stone Soup version 0.23-a0-319-gb40ba49 (webtiles) character file.

79 Amnesiac the Digger (level 4, -2/36 HPs)
             Began as a Deep Dwarf Earth Elementalist on Oct 14, 2018.
             Slain by Purgy (5 damage)
             ... in a sewer.
             The game lasted 00:03:13 (673 turns).

Amnesiac the Digger (Deep Dwarf Earth Elementalist)  Turns: 673, Time: 00:03:14

Health: -2/36      AC:  2    Str: 12    XL:     4   Next: 16%
Magic:  0/6        EV: 12    Int: 16    God:
Gold:   94         SH:  0    Dex: 13    Spells: 0/7 levels left

rFire    . . .     SeeInvis .   a - +0 dagger
rCold    . . .     Gourm    .   (no shield)
rNeg     . . .     Faith    .   c - +0 robe
rPois    .         Spirit   .   (no helmet)
rElec    .         Reflect  .   (no cloak)
rCorr    .         Harm     .   (no gloves)
MR       .....                  (no boots)
Stlth    ++........             (no amulet)
HPRegen  0.00/turn              (no ring)
MPRegen  0.10/turn              (no ring)

@: non-regenerating
A: damage resistance, heal wounds, sense surroundings 1, no regeneration
a: Heal Wounds


You were in a sewer.
You were not hungry.

You visited 1 branch of the dungeon, and saw 4 of its levels.
You also visited: Sewer.

You collected 94 gold pieces.

Inventory:

Hand Weapons
 a - a +0 dagger (weapon)
Missiles
 b - 10 stones (quivered)
Armour
 c - a +0 robe (worn)
Scrolls
 e - a scroll of identify {!r, unknown}
 g - a scroll of remove curse {!r, unknown}
 h - a scroll of teleportation {!r, unknown}
Comestibles
 d - 4 rations
 f - 8 chunks of flesh


   Skills:
 + Level 1.2 Short Blades
 - Level 2.1 Dodging
 - Level 2.4 Stealth
 + Level 2.4 Spellcasting
 - Level 0.8 Transmutations
 * Level 5.6 Earth Magic


You couldn't memorise any spells.
You knew the following spells:

 Your Spells              Type           Power        Failure   Level  Hunger
a - Sandblast             Erth           ###...       1%          1    #......
b - Passwall              Tmut/Erth      ##......     8%          2    ###....
e - Petrify               Tmut/Erth      ##......     45%         4    #####..

Your spell library contained the following spells:

 Spells                   Type           Power        Failure   Level  Hunger
 Stone Arrow              Conj/Erth      ##....       19%         3    ###....
 Lee's Rapid Deconstruct  Erth           ###.......   47%         5    ######.


Dungeon Overview and Level Annotations

Branches:
Dungeon (4/15)
 Temple: D:4-7

Altars:
Qazlal

Annotations:
Sewer Purgy


Innate Abilities, Weirdness & Mutations

You are resistant to damage.
You can heal yourself by infusing magical energy.
You passively map a small area around you.
You do not regenerate.


Message History

Purgy claws you but does no damage.
Unknown command.
Your magical essence is drained by the effort!
You feel much better. Purgy barely misses you. Purgy claws you.
Purgy misses you.
Purgy hisses menacingly.
You hit Purgy but do no damage.
Purgy is heavily wounded.
Purgy bites you. Purgy misses you. Purgy barely misses you.
You barely miss Purgy.
Purgy is heavily wounded.
Purgy bites you. Purgy barely misses you. Purgy claws you.
You barely miss Purgy.
Purgy is heavily wounded.
Purgy bites you.
* * * LOW HITPOINT WARNING * * *
Purgy claws you but does no damage. Purgy claws you.
* * * LOW HITPOINT WARNING * * *
You hit Purgy.
Purgy is heavily wounded.
Purgy barely misses you. x3
You hit Purgy but do no damage.
Purgy is heavily wounded.
Purgy bites you.
* * * LOW HITPOINT WARNING * * *
Purgy claws you. Purgy closely misses you.
Casting: Sandblast (safe; 1% risk of failure)
Confirm with . or Enter, or press ? or * to list all spells.
Aiming: Sandblast (safe; 1% risk of failure)
Press: ? - help, Shift-Dir - straight line, f/p - Purgy
Aim: Purgy (moderately wounded)
The blast of sand hits Purgy.
Purgy is heavily wounded.
b - 10 stones Purgy bites you.
Purgy claws you.
* * * LOW HITPOINT WARNING * * *
Purgy claws you.
* * * LOW HITPOINT WARNING * * *
Casting: Sandblast (safe; 1% risk of failure)
Confirm with . or Enter, or press ? or * to list all spells.
You don't have enough magic to cast that spell.
Casting: Sandblast (safe; 1% risk of failure)
Confirm with . or Enter, or press ? or * to list all spells.
You don't know that spell.
You hit Purgy.
Purgy is heavily wounded.
Purgy bites you.
* * * LOW HITPOINT WARNING * * *
Purgy barely misses you. x2
Casting: Sandblast (safe; 1% risk of failure)
Confirm with . or Enter, or press ? or * to list all spells.
You don't have enough magic to cast that spell.
You closely miss Purgy.
Purgy is heavily wounded.
Purgy bites you!
* * * LOW HITPOINT WARNING * * *
Purgy claws you. Purgy barely misses you.
Casting: Sandblast (safe; 1% risk of failure)
Confirm with . or Enter, or press ? or * to list all spells.
You don't have enough magic to cast that spell.
You hit Purgy but do no damage.
Purgy is moderately wounded.
Purgy bites you!
You die...

##.....## ##...##
##.## #.# #.# #.#
* ### #.# .... #.#
* .....
######@####.....$
,
........T........?
############.....$
..... .... * ###


You could see Purgy.

Vanquished Creatures
  Jessica (D:2)
  2 adders
  2 oozes
  A worm (D:4)
  3 dart slugs
  A giant cockroach (D:1)
  3 jackals (D:4)
  A ball python (D:4)
  8 bats
  A rat (D:1)
23 creatures vanquished.

Notes
Turn   | Place    | Note
-------+----------+-------------------------------------------
     0 | D:1      | Amnesiac the Deep Dwarf Earth Elementalist began the quest
                  | for the Orb.
     0 | D:1      | Reached XP level 1. HP: 15/15 MP: 3/3
   110 | D:1      | Reached XP level 2. HP: 19/22 MP: 0/5
   133 | D:1      | Learned a level 2 spell: Passwall
   332 | D:2      | Noticed Jessica
   336 | D:2      | Killed Jessica
   336 | D:2      | Reached skill level 5 in Earth Magic
   336 | D:2      | Reached XP level 3. HP: 15/28 MP: 3/6
   368 | D:2      | Reached skill level 1 in Short Blades
   437 | D:3      | Found a stormy altar of Qazlal.
   541 | D:4      | Reached XP level 4. HP: 14/36 MP: 5/7
   548 | D:4      | Learned a level 4 spell: Petrify
   576 | D:4      | Found a glowing drain.
   586 | Sewer    | Entered a sewer
   651 | Sewer    | Noticed Purgy
   673 | Sewer    | Slain by Purgy

Vault maps used:
D:1:      dpeg_arrival_orchard, st_stairs_12
D:2:      nicolae_overflow_hidden_temple, uniq_jessica, uniq_terence
D:3:      nicolae_ru_sacrificial_ziggurat, lemuel_doored_altar
D:4:      lemuel_upstairs_altar, lemuel_coloured_pillars_altar,
          minmay_temple_entry_glassed_door, cheibrodos_sewer_entry_bend,
          first_ration, uniq_crazy_yiuf_cottage
Sewer:    sewer_big_baddie

Skill      XL: |  1  2  3 |
---------------+----------+-----
Spellcasting   | 2 |  2.4
Earth Magic    | 5 |  5.6
Short Blades   | 1 |  1.2
Dodging        | |  2.1
Stealth        | |  2.4
Transmutations | |  0.8

Action                   |  1- 3 |  4- 6 || total
-------------------------+-------+-------++-------
Melee: Dagger            |    58 |    34 ||    92
 Cast: Sandblast         |    11 |     9 ||    20
       Passwall          |       |     2 ||     2
 Abil: Heal Wounds       |       |     1 ||     1
 Stab: Sleeping          |     1 |     1 ||     2
Armor: Robe              |    18 |    23 ||    41
Dodge: Dodged            |    49 |    62 ||   111

Table legend:
 A = Non-vault XP
 B = Vault XP
 C = Vault XP percentage of total XP
 D = Non-vault monster count
 E = Vault monster count
 F = Vault count percentage of total count
                 A         B        C        D         E       F
            +---------+---------+-------+---------+---------+-------
      Total |      69 |      44 |  38.9 |      16 |       7 |  30.4
            +---------+---------+-------+---------+---------+-------
        D:1 |      20 |       1 |   4.8 |       7 |       1 |  12.5
        D:2 |      17 |      37 |  68.5 |       2 |       1 |  33.3
        D:4 |      32 |       0 |   0.0 |       7 |       0 |   0.0
      Sewer |       0 |       6 | 100.0 |       0 |       5 | 100.0
            +---------+---------+-------+---------+---------+-------
